 Dungeon Crawl Stone Soup version 0.19.1 (webtiles) character file.

23408 Nakatomy the Thaumaturge (level 12, -1/70 HPs)
             Began as a Deep Elf Fire Elementalist on Dec 21, 2016.
             Was an Elder of Vehumet.
             Slain by a blink frog (15 damage)
             ... on level 2 of the Lair of Beasts on Dec 22, 2016.
             The game lasted 01:53:56 (21322 turns).

Nakatomy the Thaumaturge (DEFE)                    Turns: 21322, Time: 01:53:56

Health: -1/70      AC:  9    Str:  5    XL:     12   Next: 71%
Magic:  7/30       EV: 19    Int: 28    God:    Vehumet [****..]
Gold:   190        SH:  0    Dex: 15    Spells: 11 memorised, 4 levels left

rFire  + + +     SeeInvis +     S - +9 war axe of Ancient Evil {chop, rF++ rC+ Int+2}
rCold  + . .     Gourm    .     F - +2 robe {rF+}
rNeg   . . .     Faith    .     (no shield)
rPois  +         Spirit   .     u - +0 helmet
rElec  .         Reflect  .     i - +0 cloak
rCorr  .         Harm     .     l - +2 pair of gloves
MR     +....                    (no boots)
Stlth  ++........               Z - amulet of magic regeneration
                                m - ring of poison resistance
                                q - ring of see invisible

@: swift, repel missiles, very quick
A: no striking features
a: Renounce Religion


You were on level 2 of the Lair of Beasts.
You worshipped Vehumet.
Vehumet was greatly pleased with you.
You were not hungry.

You visited 2 branches of the dungeon, and saw 14 of its levels.
You also visited: Labyrinth.

You collected 715 gold pieces.
You spent 525 gold pieces at shops.

Inventory:

Hand Weapons
 f - a +7 dire flail of draining
 S - the +9 war axe of Ancient Evil (weapon) {chop, rF++ rC+ Int+2}
   (You found it on level 9 of the Dungeon)

   It inflicts extra damage upon your enemies.
   It affects your intelligence (+2).
   It greatly protects you from fire.
   It protects you from cold.
Armour
 i - a +0 cloak (worn)
 l - a +2 pair of gloves (worn)
 u - a +0 helmet (worn)
 F - a +2 robe of fire resistance (worn)
Magical Staves
 x - an uncursed staff of cold {unknown}
Jewellery
 m - a ring of poison resistance (right hand)
 n - an uncursed ring of ice
 q - a ring of see invisible (left hand)
 U - the ring "Faoppacu" {rCorr Int+2}
   (You found it on level 8 of the Dungeon)

   [ring of resist corrosion]

   It affects your intelligence (+2).
 Y - an uncursed ring of fire
 Z - an amulet of magic regeneration (around neck)
Wands
 k - a wand of disintegration (6/24)
 A - a wand of polymorph (6/24)
 B - a wand of disintegration (6/24)
 H - a wand of hasting (3/9)
 I - a wand of digging (7/24)
 K - a wand of slowing (37/48)
 P - a wand of digging (17/24)
 V - a wand of iceblast (1/15)
Scrolls
 a - 3 scrolls of summoning {unknown}
 b - a scroll of enchant armour {unknown}
 d - a scroll of teleportation {unknown}
 r - a scroll of blinking
 y - 2 scrolls of recharging
 z - 8 scrolls of remove curse
 C - a scroll of acquirement {unknown}
 G - a scroll of enchant weapon
 J - a scroll of holy word {unknown}
 L - 2 scrolls of amnesia
 M - a scroll of silence
 O - a scroll of fog
 R - 2 scrolls of magic mapping
Potions
 e - 3 potions of curing
 g - a potion of resistance {unknown}
 h - 2 potions of cancellation {unknown}
 j - 4 potions of agility
 o - a potion of flight {unknown}
 p - a potion of ambrosia {unknown}
 s - 2 potions of haste
 t - a potion of beneficial mutation {unknown}
 v - a potion of invisibility {unknown}
 N - 2 potions of heal wounds {unknown}
 W - 2 potions of brilliance {unknown}
Books
 E - Hoschump's Tome of the Oath
   (You found it in a labyrinth)

   Spells                             Type                      Level
   a - Confusing Touch                Hexes                        1
   b - Slow                           Hexes                        2
   c - Dazzling Spray                 Conjuration/Hexes            3
   d - Spectral Weapon                Hexes/Charms                 3
   e - Yara's Violent Unravelling     Hexes/Transmutation          5
   f - Invisibility                   Hexes                        6
 Q - the Tome of Lucky Arcane Weapons
   (You found it in a labyrinth)

   Spells                             Type                      Level
   a - Fulminant Prism                Conjuration/Hexes            4
   b - Iskenderun's Battlesphere      Conjuration/Charms           5
   c - Venom Bolt                     Conjuration/Poison           5
   d - Conjure Ball Lightning         Conjuration/Air              6
 T - a book of Frost

   Spells                             Type                      Level
   a - Freeze                         Ice                          1
   b - Throw Frost                    Conjuration/Ice              2
   c - Ozocubu's Armour               Charms/Ice                   3
   d - Throw Icicle                   Conjuration/Ice              4
   e - Summon Ice Beast               Ice/Summoning                4
Miscellaneous
 X - a lamp of fire
Comestibles
 c - 20 bread rations
 w - 4 meat rations


   Skills:
 - Level 6.0 Fighting
 + Level 10.7 Dodging
 - Level 2.4 Stealth
 + Level 12.8 Spellcasting
 + Level 11.7 Conjurations
 + Level 12.5 Fire Magic


You had 4 spell levels left.
You knew the following spells:

 Your Spells              Type           Power        Failure   Level  Hunger
a - Flame Tongue          Conj/Fire      #####        1%          1    None
b - Throw Flame           Conj/Fire      ######       1%          2    None
c - Conjure Flame         Conj/Fire      ######..     1%          3    None
d - Inner Flame           Hex/Fire       ######..     1%          3    None
e - Fireball              Conj/Fire      ######....   1%          5    ##.....
f - Sting                 Conj/Pois      ####         1%          1    None
g - Swiftness             Chrm/Air       ###.....     6%          2    None
h - Force Lance           Conj/Tloc      ######..     1%          4    None
i - Iskenderun's Battles  Conj/Chrm      ######..     2%          5    ##.....
t - Repel Missiles        Chrm/Air       ###...       6%          2    None
z - Sticky Flame          Conj/Fire      ######..     1%          4    None


Dungeon Overview and Level Annotations

Branches:
Dungeon (11/15)            Temple (0/1) D:5            Lair (3/6) D:8
  Swamp (0/4) Lair:3       Spider (0/4) Lair:3          Orc (0/2) D:9

Altars:
Ashenzari
Dithmenos
Elyvilon
Gozag
Makhleb
Sif Muna
Vehumet
Yredelemnul

Shops:
D:8 [   D:9 :

Annotations:
D:10 exclusion: downstairs
Lair:1 exclusion: 2 downstairs
Lair:2 Fannar


Message History

The blink frog blinks!
The blink frog completely misses you. The blink frog barely misses you.
Unknown command.
Casting: Flame Tongue
Confirm with . or Enter, or press ? or * to list all spells.
Aiming: Force Lance
Press: ? - help, Shift-Dir - straight line, f/p - blink frog
Aim: a blink frog (moderately wounded)
Okay, then.
Unknown command.
Okay, then.
Unknown command.
Casting: Force Lance
Confirm with . or Enter, or press ? or * to list all spells.
You feel quick.
The blink frog blinks!
The blink frog misses you. The blink frog completely misses you.
The blink frog hits you!
* * * LOW HITPOINT WARNING * * *
The blink frog hits you!
You die...

#..........
##....##### #.....####
#.....#..P ##.........
#### #........#.
#..###......#.#.
######..........#.'.
#..@F...........###.
#..#F...........###.
###...###..#####..##.#
#.....#####.####...#..
##.<....###..§........
##......##††##.###...#
#........P..#.#.#.....
##....................
#..........#####...##


You could see 2 blink frogs.

Vanquished Creatures
  A minotaur (Lab)
  A hydra (Lair:1)
  A death yak (Lair:2)
  An unseen horror (D:10)
  The ghost of sheala the Thaumaturge, a novice DEEn of Sif Muna (D:9)
  2 hill giants (D:10)
  A manticore (D:11)
  2 black mambas (Lair:3)
  Psyche (D:10)
  A torpor snail (Lair:1)
  4 spiny frogs
  2 rime drakes
  5 komodo dragons
  2 trolls
  A two-headed ogre (D:9)
  5 blink frogs
  4 hippogriffs
  A spriggan (D:7)
  2 wyverns
  17 yaks
  A basilisk (D:8)
  The ghost of kasmir the Ruffian, an amateur DrTm (D:3)
  2 hungry ghosts
  Edmund (D:4)
  2 insubstantial wisps (Lair:3)
  8 water moccasins
  6 porcupines
  4 ice beasts
  4 orc warriors
  3 sky beasts
  An eye of draining (D:9)
  A necrophage (D:9)
  7 ogres
  2 phantoms
  6 wolves
  7 centaurs
  8 crocodiles
  2 big kobolds
  7 bullfrogs
  5 scorpions
  8 killer bees
  10 wights
  5 crimson imps
  3 jellies
  3 hounds
  8 orc wizards
  A bullfrog skeleton (D:4)
  7 orc priests
  10 iguanas
  6 worker ants
  2 hound skeletons
  2 worker ant zombies
  10 adders
  3 river rats
  2 shadow imps
  2 oozes (D:2)
  An adder zombie (D:7)
  5 adder skeletons
  7 worms
  4 dart slugs
  12 leopard geckos
  36 orcs
  5 bats
  2 giant cockroaches
  2 goblins (D:3)
  9 hobgoblins
  7 jackals
  13 kobolds
  A ball python (D:1)
  3 frilled lizards
  A leopard gecko skeleton (D:6)
  6 rats
329 creatures vanquished.

Vanquished Creatures (others)
  A death yak (Lair:2)
  7 fungi
  7 plants
15 creatures vanquished.

Grand Total: 344 creatures vanquished

Notes
Turn   | Place    | Note
-------+----------+-------------------------------------------
     0 | D:1      | Nakatomy the Deep Elf Fire Elementalist began the quest for the Orb.
     0 | D:1      | Reached XP level 1. HP: 10/10 MP: 6/6
   198 | D:1      | Reached XP level 2. HP: 15/15 MP: 1/8
   202 | D:1      | Learned a level 2 spell: Throw Flame
  1166 | D:2      | Reached XP level 3. HP: 19/19 MP: 6/10
  2341 | D:3      | Noticed kasmir's ghost (amateur DrTm)
  2361 | D:3      | Reached XP level 4. HP: 24/24 MP: 3/12
  2495 | D:3      | Learned a level 3 spell: Conjure Flame
  2500 | D:3      | Learned a level 4 spell: Sticky Flame
  3145 | D:3      | Killed kasmir's ghost
  3145 | D:3      | Reached skill level 5 in Spellcasting
  3145 | D:3      | Reached XP level 5. HP: 27/28 MP: 0/14
  3320 | D:3      | Reached skill level 5 in Fire Magic
  3437 | D:3      | Found a shadowy altar of Dithmenos.
  3572 | D:3      | Found a white marble altar of Elyvilon.
  3887 | D:4      | Found a shattered altar of Ashenzari.
  3898 | D:4      | Found an opulent altar of Gozag.
  3955 | D:4      | Reached XP level 6. HP: 31/32 MP: 3/16
  4494 | D:4      | Found a radiant altar of Vehumet.
  4601 | D:4      | Found a burning altar of Makhleb.
  4613 | D:4      | Became a worshipper of Vehumet
  4624 | D:4      | Noticed Edmund
  4642 | D:4      | Killed Edmund
  4642 | D:4      | Reached XP level 7. HP: 36/36 MP: 0/18
  4950 | D:5      | Entered Level 5 of the Dungeon
  5025 | D:5      | Reached skill level 5 in Conjurations
  5925 | D:5      | Found a staircase to the Ecumenical Temple.
  6067 | D:6      | Learned a level 3 spell: Inner Flame
  6199 | D:6      | Reached XP level 8. HP: 41/41 MP: 13/21
  6726 | D:6      | Learned a level 5 spell: Fireball
  6761 | D:6      | Reached * piety under Vehumet
  6761 | D:6      | Offered knowledge of Sting by Vehumet.
  7973 | D:7      | Reached XP level 9. HP: 27/45 MP: 9/24
  8042 | D:7      | Reached skill level 1 in Fighting
  8127 | D:7      | Learned a level 1 spell: Sting
  8330 | D:7      | Found a deep blue altar of Sif Muna.
  9343 | D:8      | Found Woptew's Antique Armour Shop.
  9457 | D:8      | Reached skill level 5 in Dodging
  9511 | D:8      | Offered knowledge of Freeze by Vehumet.
  9515 | D:8      | Reached ** piety under Vehumet
 10250 | D:8      | Found a staircase to the Lair.
 10278 | D:8      | Reached XP level 10. HP: 54/54 MP: 9/25
 11008 | D:8      | Found a white marble altar of Elyvilon.
 11016 | D:8      | Got a wavering lapis lazuli ring
 11043 | D:8      | Identified the ring "Faoppacu" {rCorr Int+2} (You found it on level 8 of the Dungeon)
 11230 | D:9      | Found Warch's Book Boutique.
 11413 | D:9      | Noticed sheala's ghost (novice DEEn)
 11449 | D:10     | Entered Level 10 of the Dungeon
 11687 | D:10     | Noticed a hill giant
 11704 | D:10     | Killed a hill giant
 11704 | D:10     | Reached skill level 10 in Fire Magic
 11838 | D:10     | HP: 2/56 [killer bee (10)]
 11840 | D:10     | Reached skill level 10 in Spellcasting
 12147 | D:10     | Noticed Psyche
 12677 | D:9      | Got a shimmering war axe
 12678 | D:9      | Identified the +9 war axe of Ancient Evil {chop, rF++ rC+ Int+2} (You found it on level 9 of the Dungeon)
 12767 | D:9      | Killed sheala's ghost
 12767 | D:9      | Offered knowledge of Throw Frost by Vehumet.
 13315 | D:9      | Found a staircase to the Orcish Mines.
 13333 | D:9      | Reached *** piety under Vehumet
 13465 | D:9      | Bought a book of Air for 525 gold pieces
 13468 | D:9      | Learned a level 2 spell: Repel Missiles
 13803 | D:9      | Offered knowledge of Throw Icicle by Vehumet.
 13808 | D:9      | Reached XP level 11. HP: 61/61 MP: 21/27
 14248 | D:10     | Noticed an unseen horror
 14250 | D:10     | Killed an unseen horror
 14685 | D:10     | Noticed a hill giant
 14688 | D:10     | Killed Psyche
 14688 | D:10     | Reached skill level 10 in Conjurations
 14696 | D:10     | Killed a hill giant
 15354 | D:11     | Found a basalt altar of Yredelemnul.
 15492 | D:11     | Reached skill level 5 in Fighting
 15494 | D:11     | Reached **** piety under Vehumet
 15673 | D:11     | Offered knowledge of Ignite Poison by Vehumet.
 15904 | D:11     | Found a deep blue altar of Sif Muna.
 15933 | D:11     | Noticed a four-headed hydra
 17333 | Lair:1   | Entered Level 1 of the Lair of Beasts
 17345 | Lair:1   | Identified the Catalogue of Arcane Weapons
 17350 | Lair:1   | Learned a level 2 spell: Swiftness
 17356 | Lair:1   | Learned a level 4 spell: Force Lance
 17845 | Lair:1   | Noticed a six-headed hydra
 17865 | Lair:1   | Killed a six-headed hydra
 18277 | Lair:1   | Identified a +0 rod of shadows (11/11) (You found it on level 1 of the Lair of Beasts)
 19193 | Lair:3   | Reached XP level 12. HP: 38/69 MP: 22/29
 19253 | Lair:3   | Found a labyrinth entrance.
 19259 | Lab      | Entered a labyrinth
 19722 | Lab      | Noticed a minotaur
 19747 | Lab      | Killed a minotaur
 19912 | Lab      | Identified the Tome of Lucky Arcane Weapons
 19912 | Lab      | Identified Hoschump's Tome of the Oath
 19913 | Lab      | Got an ichor-stained leather armour
 19932 | Lab      | Identified the +3 leather armour of Honesty {rElec Str-2 Int+2} (You found it in a labyrinth)
 19939 | Lab      | Learned a level 5 spell: Iskenderun's Battlesphere
 20252 | Lair:2   | Noticed a five-headed hydra
 20406 | Lair:3   | Found a staircase to the Swamp.
 20452 | Lair:3   | Reached skill level 10 in Dodging
 20976 | Lair:2   | Noticed Fannar
 21218 | Lair:2   | Noticed a death yak
 21245 | Lair:2   | Killed a death yak
 21247 | Lair:2   | Noticed a death yak
 21303 | Lair:2   | Killed a death yak
 21322 | Lair:2   | Slain by a blink frog

Skill      XL: |  1  2  3  4  5  6  7  8  9 10 11 12 |
---------------+-------------------------------------+-----
Fire Magic     | 4 5 6 8 9 10 11 12 | 12.5
Conjurations   | 2 3 4 5 7 8 9 10 11 | 11.7
Spellcasting   | 4 5 6 7 9 10 11 12 | 12.8
Fighting       | 2 4 5 6 |  6.0
Dodging        | 5 7 9 10 | 10.7
Stealth        | |  2.4

Action                   |  1- 3 |  4- 6 |  7- 9 | 10-12 || total
-------------------------+-------+-------+-------+-------++-------
Melee: Dire flail        |       |       |    22 |     6 ||    28
       War axe           |       |       |       |     4 ||     4
Throw: Stone             |    26 |     7 |     2 |     3 ||    38
 Cast: Flame Tongue      |    27 |    46 |   148 |   301 ||   522
       Throw Flame       |    42 |    58 |   100 |   219 ||   419
       Conjure Flame     |       |     3 |    10 |    41 ||    54
       Sticky Flame      |       |       |     4 |     5 ||     9
       Inner Flame       |       |       |     3 |       ||     3
       Fireball          |       |       |     7 |    30 ||    37
       Sting             |       |       |       |    13 ||    13
       Repel Missiles    |       |       |       |     2 ||     2
       Force Lance       |       |       |       |    22 ||    22
       Swiftness         |       |       |       |     4 ||     4
       Iskenderun's Batt |       |       |       |    23 ||    23
Evoke: Wand              |       |     3 |    10 |     5 ||    18
  Use: Scroll            |       |     9 |     1 |    12 ||    22
       Potion            |       |       |       |     1 ||     1
  Eat: Chunk             |     5 |     7 |    16 |    17 ||    45
       Fruit             |       |     1 |     1 |     3 ||     5
       Beef jerky        |       |       |     1 |     2 ||     3
       Pizza             |       |       |       |     1 ||     1
       Meat ration       |       |       |       |     2 ||     2
       Royal jelly       |       |       |       |     1 ||     1
       Bread ration      |       |       |       |     1 ||     1
Armor: Robe              |     1 |       |    10 |    17 ||    28
Dodge: Dodged            |    10 |    12 |    42 |   171 ||   235
       Deflected         |       |       |       |     7 ||     7
